 Dungeon Crawl Stone Soup version 0.21-a0-225-g207ae17 (webtiles) character file.

53 Goblin1989 the Insei (level 3, -2/23 HPs)
             Began as an Octopode Transmuter on Aug 29, 2017.
             Slain by an orc
             ... wielding a +0 flail
              (8 damage)
             ... on level 3 of the Dungeon.
             The game lasted 00:05:30 (3234 turns).

Goblin1989 the Insei (Octopode Transmuter)          Turns: 3234, Time: 00:05:30

Health: -2/23      AC:  1    Str:  9    XL:     3   Next: 89%
Magic:  6/6        EV: 13    Int: 16    God:
Gold:   140        SH:  0    Dex: 12    Spells: 3/6 levels left

rFire    . . .     SeeInvis .     - Unarmed
rCold    . . .     Gourm    +   (no shield)
rNeg     . . .     Faith    .   (helmet restricted)
rPois    .         Spirit   .   o - amulet of the gourmand
rElec    .         Reflect  .   (no ring)
rCorr    .         Harm     .   (no ring)
MR       .....                  (no ring)
Stlth    +++.......             (no ring)
HPRegen  0.07/turn              (no ring)
MPRegen  0.10/turn              (no ring)
                                (no ring)
                                (no ring)

@: no status effects
A: almost no armour, stealthy swim, amphibious, 8 rings, constrict 8, camouflage
1, gelatinous body 1
a: no special abilities


You were on level 3 of the Dungeon.
You were very full.

You visited 1 branch of the dungeon, and saw 3 of its levels.

You collected 140 gold pieces.

Inventory:

Missiles
 a - 81 arrows
 l - 68 stones (quivered)
 p - 17 bolts
Jewellery
 o - an amulet of the gourmand (around mantle)
Scrolls
 i - 5 scrolls of identify {unknown}
 m - a scroll of immolation {unknown}
 r - 3 scrolls of remove curse {unknown}
 s - 3 scrolls of amnesia {unknown}
 u - a scroll of noise {unknown}
Potions
 h - 2 potions of curing {unknown}
 j - a potion of magic {unknown}
 n - a potion of brilliance {unknown}
 q - a potion of berserk rage {unknown}
 t - a potion of heal wounds {unknown}
 v - a potion of mutation {unknown}
Books
 b - a book of Changes

   Spells                             Type                      Level
   a - Beastly Appendage              Transmutation                1
   b - Sticks to Snakes               Transmutation                2
   c - Spider Form                    Transmutation/Poison         3
   d - Ice Form                       Ice/Transmutation            4
   e - Blade Hands                    Transmutation                5
Comestibles
 e - 2 bread rations {@e1}
 g - 3 meat rations {@e2}


   Skills:
 + Level 1.4 Fighting
 + Level 2.3 Dodging
 + Level 1.9 Stealth
 * Level 4.0 Unarmed Combat
 - Level 2.0 Spellcasting
 - Level 2.0 Transmutations


You had 3 spell levels left.
You knew the following spells:

 Your Spells              Type           Power        Failure   Level  Hunger
a - Beastly Appendage     Tmut           #.....       9%          1    #......
b - Sticks to Snakes      Tmut           #.......     14%         2    ###....


Dungeon Overview and Level Annotations

Branches:
Dungeon (3/15)

Altars:
The Shining One

Annotations:
D:2 Terence


Innate Abilities, Weirdness & Mutations

You cannot wear most types of armour.
You are very stealthy in the water. (Stealth+)
You are amphibious.
You can wear up to eight rings at the same time.
You can use your tentacles to constrict eight enemies at once.
Your skin changes colour to match your surroundings (Stealth+).
Your rubbery body absorbs attacks. (AC +1, EV +1)


Message History

The rat bites you.
You take 2 damage, and have 18/23 hp.
You barely miss the rat.
The rat is heavily wounded.
You constrict the rat.
You kill the rat!
No target in view!
No target in view!
No target in view!
No target in view!
No target in view!
No target in view!
No target in view!
No target in view!
No target in view!
No target in view!
No target in view!
No target in view!
No target in view!
No target in view!
No target in view!
No target in view!
No target in view!
No target in view!
Key pressed, stopping explore.
A kobold comes into view.
Health restored: 23 A kobold is nearby!
The kobold shouts!
You tentacle-slap the kobold. Your grab misses the kobold.
The kobold is severely wounded.
The kobold hits you.
You take 1 damage, and have 22/23 hp.
You barely miss the kobold. Your grab misses the kobold.
You squeeze the kobold.
You kill the kobold!
No target in view!
No target in view!
No target in view!
No target in view!
No target in view!
No target in view!
No target in view!
No target in view!
No target in view!
No target in view!
No target in view!
No target in view!
No target in view!
No target in view!
No target in view!
No target in view!
No target in view!
No target in view!
No target in view!
No target in view!
No target in view!
No target in view!
You now have 140 gold pieces (gained 9).
You butcher the frilled lizard corpse.
w - a chunk of flesh Health restored: 23 Eating a chunk of flesh.
You eat the chunk of flesh.
This raw flesh tastes great.
Found a stone staircase leading down.
g - 3 meat rations {@e2} (gained 1)
An orc comes into view. It is wielding a flail.
The orc shouts!
An orc comes into view. It is wielding a flail.
The orc shouts!
An orc wizard comes into view. It is wielding a dagger.
An orc comes into view.
The orc barely misses you.
The orc wizard shouts!
You tentacle-slap the orc. You grab the orc.
The orc is severely wounded.
You constrict the orc. The orc misses you.
You tentacle-slap the orc.
You kill the orc!
The orc hits you but does no damage.
You see here a flail.
You tentacle-slap the orc wizard. You grab the orc wizard.
The orc wizard is moderately wounded.
You constrict the orc wizard, but do no damage.
The orc closely misses you. The orc wizard barely misses you.
You tentacle-slap the orc wizard but do no damage.
The orc wizard is moderately wounded.
You constrict the orc wizard. The orc closely misses you.
The orc hits you with a flail!
The orc wizard hits you but does no damage.
You take 7 damage, and have 16/23 hp.
MASSIVE DAMAGE!!
You tentacle-slap the orc wizard.
The orc wizard is moderately wounded.
You constrict the orc wizard, but do no damage.
The orc hits you. The orc wizard casts a spell at you.
The puff of flame hits you!
* * * LOW HITPOINT WARNING * * *
The orc hits you with a flail!
You die...

....█............█.█.██......█
██...................█████████
███....................█
██...<........██████.█
█████...........█████ █.██
█...................█ █>.███
█.........██........█ ██...████
..........██.█.oo...█ ███....█
█.........█..█.o@...█ █....█
.........██.█...█.███ ██...█
█..███...██...█.█...██ █...█
...█...█.....██.███..██████...█
█....█...█...............██...█
█..███..██.████.███...........█
.......██. █ █. █.......█...█
.....█.. ██ █.......█████
.....█.. ........██


You could see an orc wizard and 2 orcs.

Vanquished Creatures
  2 worms
  A dart slug (D:3)
  2 leopard geckos (D:1)
  An orc (D:3)
  6 hobgoblins
  2 quokkas (D:3)
  6 bats (D:1)
  6 frilled lizards
  8 goblins
  2 kobolds
  7 rats
43 creatures vanquished.

Vanquished Creatures (others)
  A bat (D:1)
  A frilled lizard (D:1)
2 creatures vanquished.

Grand Total: 45 creatures vanquished

Notes
Turn   | Place    | Note
-------+----------+-------------------------------------------
     0 | D:1      | Goblin1989 the Octopode Transmuter began the quest for the Orb.
     0 | D:1      | Reached XP level 1. HP: 13/13 MP: 3/3
   269 | D:1      | Reached XP level 2. HP: 17/18 MP: 5/5
   768 | D:1      | Reached skill level 1 in Stealth
  1315 | D:2      | Reached XP level 3. HP: 15/23 MP: 6/6
  1740 | D:2      | Noticed Terence
  1851 | D:1      | Learned a level 2 spell: Sticks to Snakes
  2306 | D:2      | Found a glowing golden altar of the Shining One.
  3099 | D:3      | Reached skill level 4 in Unarmed Combat
  3234 | D:3      | Slain by an orc

Vault maps used:
D:1:      shiori_arrival_oz
D:2:      nicolae_overflow_hidden_temple, first_bread, uniq_terence

Skill      XL: |  1  2  3 |
---------------+----------+-----
Stealth        | 1 |  1.9
Unarmed Combat | 4 |  4.0
Fighting       | |  1.4
Dodging        | |  2.3
Spellcasting   | |  2.0
Transmutations | |  2.0

Action                   || total
-------------------------++-------
Melee: Unarmed           ||   102
       Constrict         ||    36
       Tentacles         ||    15
       Punch             ||     1
 Cast: Beastly Appendage ||     1
 Stab: Sleeping          ||    10
  Eat: Chunk             ||    16
Armor: Skin              ||    13
Dodge: Dodged            ||    54

Table legend:
 A = Spawn XP
 B = Non-spawn XP
 C = Spawn XP percentage of total XP
 D = Spawn monster count
 E = Non-spawn monster count
 F = Spawn count percentage of total count
 G = Total turns spent on level
                    A         B        C        D         E        F      G
               +---------+---------+-------+---------+---------+-------+---------
         Total |      19 |      58 |  24.7 |      11 |      32 |  25.6 |  3234
               +---------+---------+-------+---------+---------+-------+---------
           D:1 |       4 |      27 |  12.9 |       3 |      16 |  15.8 |  1345
           D:2 |       4 |      17 |  19.0 |       3 |      10 |  23.1 |  1299
           D:3 |      11 |      14 |  44.0 |       5 |       6 |  45.5 |   590
               +---------+---------+-------+---------+---------+-------+---------

Vault maps used:
D:1:      shiori_arrival_oz
D:2:      nicolae_overflow_hidden_temple, first_bread, uniq_terence
